 Seeded DCSS version 0.30.1-4-g462c640d31 (webtiles) character file.

Game seed: 6351066067085065685 (custom seed)

2 Esekla the Grave Robber (level 1, -11/10 HPs)
             Began as a Deep Elf Necromancer on Sept 3, 2023.
             Mangled by a gnoll sergeant
             ... wielding a +4 trident of venom
              (14 damage)
             ... on level 7 of the Dungeon.
             The game lasted 00:04:42 (498 turns).

Esekla the Grave Robber (Deep Elf Necromancer)       Turns: 498, Time: 00:04:43

Health: -11/10     AC:  2    Str:  5    XL:     1   Next: 25%
Magic:  6/6        EV: 12    Int: 19    God:
Gold:   51         SH:  0    Dex: 15    Spells: 5/6 levels left

rFire   . . .        c - +0 short sword
rCold   . . .        (no shield)
rNeg    . . .        a - +0 robe
rPois   .            (no helmet)
rElec   .            (no cloak)
rCorr   .            (no gloves)
SInv    .            (no boots)
Will    .....        (no amulet)
Stlth   ++           (no ring)
HPRegen 0.21/turn    (no ring)
MPRegen 0.10/turn

%: no passive effects
@: no status effects
A: no striking features
a: no special abilities


You were on level 7 of the Dungeon.
You visited 1 branch of the dungeon, and saw 5 of its levels.

You collected 51 gold pieces.

Inventory:

Hand Weapons
 c - a +0 short sword (weapon)
Armour
 a - a +0 robe (worn)
Wands
 i - a wand of roots (9)
Potions
 b - a potion of magic
 d - a potion of ambrosia {unknown}
 e - a potion of attraction {unknown}
 g - a potion of heal wounds
 h - a potion of haste {unknown}


   Skills:
 * Level 2.6 Dodging
 + Level 2.5 Stealth
 * Level 3.0 Spellcasting
 + Level 4.8 Necromancy


You had 5 spell levels left.
You knew the following spells:

 Your Spells              Type           Power      Damage    Failure   Level
a - Necrotise             Necr           84%        1d8       1%          1

Your spell library contained the following spells:

 Spells                   Type           Power      Damage    Failure   Level
 Vampiric Draining        Necr           21%        2d7       6%          3
 Animate Dead             Necr           21%        N/A       21%         4
 Agony                    Necr           21%        N/A       50%         5


Dungeon Overview and Level Annotations

Branches:
Dungeon (7/15)
 Temple: D:4-7

Altars:

Shops:
D:2 =


Message History

You now have 40 gold pieces (gained 10).
A goblin comes into view. It is wielding a +0 dagger.
You see here a +0 leather armour.
There is an entrance to Renulab's Jewellery Shop here.
You can access your shopping list by pressing '$'.
You see here a +0 leather armour.
There is a stone staircase leading down here.
You climb downwards.
There is a stone staircase leading up here.
You open the door.
Found 7 stones.
Found a robe.
There is an open door here.
Found a stone staircase leading down.
A sourceless malevolence fills the Dungeon...
You fall into a shaft and drop 3 floors!
The shaft crumbles and collapses.
Found a stone staircase leading down.
An iguana comes into view.
Found a scroll labelled EGUZUT XAHEGAJ.
Found 11 gold pieces.
You now have 51 gold pieces (gained 11).
A white imp comes into view.
An orc comes into view. It is wielding a +0 hand axe.
The iguana hisses angrily.
There is a stone staircase leading down here.
You climb downwards.
The gnoll shouts! x2; The gnoll sergeant shouts!
The gnoll shouts!
There is a stone staircase leading up here.
Okay, then.
Okay, then.
As you read the scroll labelled OPUZOUSOET, it crumbles to dust.
It is a scroll of identify.
g - a potion of heal wounds The gnoll hits you with a +0 club.
The gnoll hits you from afar with a +0 spear.
* * * LOW HITPOINT WARNING * * *
The gnoll sergeant hits you with a +4 trident of venom!
Ouch! That really hurt!
You die... ####### #@g...# ##g#..# g.g ... .### . .. .# .# .#

You could see a gnoll sergeant and 3 gnolls.

Vanquished Creatures
  A goblin (D:1)
  A kobold (D:1)
2 creatures vanquished.

Notes
Turn   | Place    | Note
-------+----------+-------------------------------------------
     0 | D:1      | Esekla the Deep Elf Necromancer began the quest for the
                  | Orb.
     0 | D:1      | Reached XP level 1. HP: 10/10 MP: 6/6
   215 | D:2      | Found Renulab's Jewellery Shop.
   322 | D:3      | You fall into a shaft and drop 3 floors!
   334 | D:6      | Noticed an iguana
   497 | D:7      | Noticed a gnoll sergeant
   498 | D:7      | Mangled by a gnoll sergeant

Illustrated notes

Levels and vault maps discovered:
D:1:      sevenhm_arrival_forest_fort_small_3, layout_rooms,
          chequers_serial_rivers_room_b, minmay_misc_feat_five
D:2:      layout_loops_ring, dreamdust_ecumenical_altar_angels_and_demons,
          serial_shops, shop
D:3:      layout_basic, grunt_temple_overflow_open, minmay_misc_feat_iff
D:6:      layout_loops_cross, fedhas_altar_fruit_tree,
          minmay_temple_entry_glass, uniq_pikel, uniq_blork_the_orc
D:7:      layout_basic, uniq_menkaure, uniq_joseph, uniq_crazy_yiuf_cottage

Action                     || total
---------------------------++-------
  Melee: Unarmed           ||     9
         Short sword       ||     2
    Use: Scroll            ||     2
 Armour: Robe              ||     2
  Dodge: Dodged            ||    10
